Connexion

Eagles vs Marlies

Created - 15 décembre 2023 at 05:53

Goals
1 2 3 OT1 T
Eagles 3 2 1 1 7
Marlies 2 2 2 0 6
Shots
1 2 3 OT1 T
Eagles 10 13 6 1 30
Marlies 14 12 10 0 36

GoalsPenalties
1st period
1. Marlies , Tim Schaller 16 (Yegor Rykov 8, Max McCormick 31) at 9:04
2. Eagles , David Gustafsson 17 (Kris Russell 16) at 13:12
3. Marlies , Dylan Blujus 7 (Max McCormick 32, Tim Schaller 22) at 13:32
4. Eagles , Dan Renouf 6 (Devante Smith-Pelly 10, Brayden Burke 17) at 18:42
5. Eagles , David Gustafsson 18 (Marc-Edouard Vlasic 15, Jacob Peterson 14) at 19:32
Brad Malone (TOR) for Diving (Minor) at 0:15
Marc-Edouard Vlasic (COL) for Cross-checking (Minor) at 0:15
Victor Ejdsell (TOR) for Tripping (Minor) at 2:19
Tyler Lewington (TOR) for Fighting (Major) at 6:24
Dan Renouf (COL) for Fighting (Major) at 6:24
2nd period
6. Eagles , David Gustafsson 19 (Mark Giordano 13, Dan Renouf 19) at 5:20 (PP)
7. Eagles , Leo Komarov 11 (Luke Glendening 2, William Lockwood 11) at 9:17
8. Marlies , Loui Eriksson 19 (Kristian Vesalainen 15, Cal O'Reilly 29) at 9:27
9. Marlies , Mathias Brome 6 (Victor Ejdsell 10, Josh Wesley 16) at 12:06
Mitchell Heard (TOR) for Tripping (Minor) at 4:02
Luke Glendening (COL) for Slashing (Minor) at 17:09
Ty Emberson (COL) for Hooking (Minor) at 19:39
3rd period
10. Marlies , Tim Schaller 17 (Max McCormick 33, Brad Malone 28) at 7:58
11. Eagles , Radek Faksa 7 (Ty Emberson 8) at 14:01
12. Marlies , Max McCormick 22 (Brad Malone 29) at 19:32
Dan Renouf (COL) for Tripping (Minor) at 16:02
Overtime #1
13. Eagles , Tyler Bozak 12 (Leo Komarov 19) at 0:21
No Penalty
Goalie Stats
Cory Schneider (COL), 30 saves from 36 shots - (0,833), W, 19-22-8, 60:22 minutes
Daniel Mannella (TOR), 12 saves from 15 shots - (0,800), OTL, 9-8-4, 34:52 minutes
Erik Kallgren (TOR), 11 saves from 15 shots - (0,733), 25:20 minutes
3 StarsOfficial
1 - David Gustafsson (COL)
2 - Max McCormick (TOR)
3 - Tim Schaller (TOR)
Referees : Stephane Auger and Frederick L'Ecuyer
Linesman : Shane Heyer and Mark Shewchyk
Game Note
Tyler Lewington and Dan Renouf fight to a draw at 6:24 of 1st period
Yegor Rykov is injured at 1:06 of 2nd period (Right Hip)
David Gustafsson has scored a Hat Trick!
Daniel Mannella enters game at 5:20 of 2nd period
Finance
Level 1 -- Attendance: 2000 (100,00%) -- Ticket Income $40,000
Level 2 -- Attendance: 909 (90,90%) -- Ticket Income $13,635
Total Attendance: 2909 (96,97%)
Total Ticket Income: $53,635
Other Income: $10,727
Total Income: $64,362



Team Name Goals Shots Shots Attemp Shots Blocked PIM HIT PP PK FO%
Eagles 730561213241 / 2 (50%)040%
Marlies 63683811220 / 3 (0%)160%

Eagles
Player Name POS G A P +/- PIM HIT SHT SB MP PP MP PP SHT PK MP PK SHT FO% FOT
Brayden BurkeC/LW/RW0112003114:040:0000:0000% 0
Cooper MarodyC/RW0002011017:002:0800:00067% 3
Dan RenoufD1120731017:232:0801:3000% 0
David GustafssonC3032034021:411:5223:58038% 16
Devante Smith-PellyRW0112011115:560:0001:5200% 4
Gage GoncalvesC000000001:200:1600:0000% 1
Jacob PetersonC/LW0112001017:002:0800:0000% 1
Kris RussellD0110012424:371:0913:3600% 0
Leo KomarovLW112-2032016:541:0900:3400% 1
Luke GlendeningC/RW011-5205023:361:0902:42152% 21
Marc-Edouard VlasicD0110210124:221:0903:3600% 0
Mark GiordanoD011-1030220:002:0802:2100% 0
Matej PaulovicLW000-302105:580:0000:0000% 1
Niklas HanssonD0000011116:210:0000:5100% 0
Radek FaksaC1012012016:010:0000:57045% 22
Ty EmbersonD0111241116:390:0000:0000% 0
Tyler BozakC101-200207:140:0000:54040% 10
William LockwoodRW011-2003116:591:0900:5700% 2
Marlies
Player Name POS G A P +/- PIM HIT SHT SB MP PP MP PP SHT PK MP PK SHT FO% FOT
Brad Malone C/LW0221210022:482:5702:10069% 29
Cal O'ReillyC0111032020:073:0001:46088% 17
Calvin De HaanD0000001326:483:0411:5100% 0
Dylan BlujusD1011012024:403:0012:1100% 0
Grant BesseLW/RW000-2003017:220:0000:0000% 2
Ian McCoshenD0002061022:402:5300:5400% 0
Josh WesleyD0110041018:090:0000:0600% 0
Kristian VesalainenLW/RW0111015017:053:0020:00050% 2
Loui ErikssonLW/RW1011014017:053:0000:000100% 1
Mathias Brome LW101-1013017:240:0000:2400% 0
Max McCormickC/LW1343027018:522:5701:0700% 0
Mitchell HeardC000-220003:360:0000:00050% 2
Skyler McKenzieLW000-200003:370:0000:0000% 1
Tim McGauleyC000000001:220:0000:00050% 4
Tim SchallerC/LW/RW2131005021:112:5701:0700% 2
Tyler LewingtonD000-1510220:452:5701:2000% 0
Victor EjdsellC011-1212116:590:0000:00041% 22
Yegor RykovD011000025:160:0000:1200% 0



Play-by-Play

1st period


0:01 of 1st period - Brad Malone wins face-off versus Leo Komarov in neutral zone.
0:15 of 1st period - Minor Penalty to Brad Malone for Diving.
0:15 of 1st period - Minor Penalty to Marc-Edouard Vlasic for Cross-checking.
0:16 of 1st period - Luke Glendening wins face-off versus Tim McGauley in Eagles zone.
0:37 of 1st period - Shot by Tim McGauley.
0:37 of 1st period - Shot Misses the Net.
0:39 of 1st period - Shot by Tim McGauley.
0:39 of 1st period - Shot Misses the Net.
0:49 of 1st period - Shot by Cal O'Reilly.
0:49 of 1st period - Shot Misses the Net.
1:42 of 1st period - Shot by Radek Faksa.
1:42 of 1st period - Stopped by Erik Kallgren without a rebound.
1:43 of 1st period - Tim McGauley wins face-off versus Luke Glendening in Marlies zone.
1:49 of 1st period - Icing by Tyler Lewington.
1:50 of 1st period - Tim McGauley wins face-off versus Radek Faksa in Marlies zone.
2:01 of 1st period - Shot by Cal O'Reilly.
2:01 of 1st period - Shot Blocked by William Lockwood.
2:03 of 1st period - Shot by Cal O'Reilly.
2:03 of 1st period - Stopped by Cory Schneider with a rebound.
2:19 of 1st period - Minor Penalty to Victor Ejdsell for Tripping.
2:20 of 1st period - Brad Malone wins face-off versus David Gustafsson in Marlies zone.
2:47 of 1st period - Shot by Mark Giordano.
2:47 of 1st period - Shot Misses the Net.
4:31 of 1st period - Shot by Devante Smith-Pelly.
4:31 of 1st period - Stopped by Erik Kallgren without a rebound.
4:32 of 1st period - Radek Faksa wins face-off versus Grant Besse in Marlies zone.
4:33 of 1st period - Shot by Niklas Hansson.
4:33 of 1st period - Shot Misses the Net.
4:36 of 1st period - Icing by Josh Wesley.
4:37 of 1st period - Radek Faksa wins face-off versus Victor Ejdsell in Marlies zone.
4:41 of 1st period - Icing by Josh Wesley.
4:42 of 1st period - Victor Ejdsell wins face-off versus Radek Faksa in Marlies zone.
5:03 of 1st period - Shot by Brayden Burke.
5:03 of 1st period - Stopped by Erik Kallgren without a rebound.
5:04 of 1st period - Luke Glendening wins face-off versus Brad Malone in Marlies zone.
5:28 of 1st period - Shot by Brad Malone .
5:28 of 1st period - Shot Misses the Net.
6:24 of 1st period - Tyler Lewington and Dan Renouf fight to a draw.
6:24 of 1st period - Penalty to Tyler Lewington for Fighting.
6:24 of 1st period - Penalty to Dan Renouf for Fighting.
6:25 of 1st period - David Gustafsson wins face-off versus Victor Ejdsell in neutral zone.
6:27 of 1st period - Mark Giordano is hit by Josh Wesley and loses puck.
7:24 of 1st period - Shot by Loui Eriksson.
7:24 of 1st period - Deflect By Kristian Vesalainen.
7:24 of 1st period - Shot Blocked by Mark Giordano.
7:59 of 1st period - Radek Faksa is hit by Ian McCoshen and loses puck.
8:49 of 1st period - Tim Schaller is hit by Leo Komarov and loses puck.
9:04 of 1st period - Shot by Tim Schaller.
9:04 of 1st period - Goal by Tim Schaller - Eagles : 0 - Marlies : 1.
9:05 of 1st period - Victor Ejdsell wins face-off versus Radek Faksa in neutral zone.
9:07 of 1st period - Dylan Blujus is hit by Mark Giordano and loses puck.
9:18 of 1st period - Shot by Mathias Brome .
9:18 of 1st period - Shot Misses the Net.
9:20 of 1st period - Shot by Tim Schaller.
9:20 of 1st period - Stopped by Cory Schneider with a rebound.
9:37 of 1st period - Shot by Grant Besse.
9:37 of 1st period - Stopped by Cory Schneider with a rebound.
10:43 of 1st period - Shot by Loui Eriksson.
10:43 of 1st period - Stopped by Cory Schneider with a rebound.
10:45 of 1st period - Shot by Loui Eriksson.
10:45 of 1st period - Shot Misses the Net.
10:47 of 1st period - Shot by Kristian Vesalainen.
10:47 of 1st period - Shot Misses the Net.
11:04 of 1st period - Shot by Mathias Brome .
11:04 of 1st period - Shot Misses the Net.
11:06 of 1st period - Shot by Grant Besse.
11:06 of 1st period - Stopped by Cory Schneider without a rebound.
11:07 of 1st period - Luke Glendening wins face-off versus Skyler McKenzie in Eagles zone.
11:46 of 1st period - Shot by Mathias Brome .
11:46 of 1st period - Shot Blocked by Mark Giordano.
12:35 of 1st period - Shot by Loui Eriksson.
12:35 of 1st period - Shot Blocked by Kris Russell.
12:51 of 1st period - Dan Renouf is hit by Cal O'Reilly and loses puck.
13:03 of 1st period - Off-side.
13:04 of 1st period - Cooper Marody wins face-off versus Brad Malone in neutral zone.
13:07 of 1st period - Tim Schaller is hit by David Gustafsson and loses puck.
13:12 of 1st period - Shot by David Gustafsson.
13:12 of 1st period - Goal by David Gustafsson - Eagles : 1 - Marlies : 1.
13:13 of 1st period - Brad Malone wins face-off versus Tyler Bozak in neutral zone.
13:30 of 1st period - Shot by Max McCormick.
13:30 of 1st period - Stopped by Cory Schneider with a rebound.
13:32 of 1st period - Shot by Dylan Blujus.
13:32 of 1st period - Goal by Dylan Blujus - Eagles : 1 - Marlies : 2.
13:33 of 1st period - David Gustafsson wins face-off versus Victor Ejdsell in neutral zone.
15:09 of 1st period - Icing by Max McCormick.
15:10 of 1st period - Brad Malone wins face-off versus William Lockwood in Marlies zone.
15:22 of 1st period - Calvin De Haan is hit by Leo Komarov and loses puck.
15:52 of 1st period - Luke Glendening is hit by Josh Wesley and loses puck.
16:13 of 1st period - Shot by Kristian Vesalainen.
16:13 of 1st period - Stopped by Cory Schneider without a rebound.
16:14 of 1st period - Victor Ejdsell wins face-off versus Radek Faksa in Eagles zone.
16:23 of 1st period - Shot by Brayden Burke.
16:23 of 1st period - Shot Misses the Net.
16:25 of 1st period - Shot by Kris Russell.
16:25 of 1st period - Stopped by Erik Kallgren without a rebound.
16:26 of 1st period - David Gustafsson wins face-off versus Victor Ejdsell in Marlies zone.
16:26 of 1st period - Cooper Marody is hit by Ian McCoshen and loses puck.
16:33 of 1st period - Shot by Victor Ejdsell.
16:33 of 1st period - Shot Misses the Net.
16:35 of 1st period - Shot by Grant Besse.
16:35 of 1st period - Shot Misses the Net.
16:37 of 1st period - Shot by Grant Besse.
16:37 of 1st period - Stopped by Cory Schneider with a rebound.
16:39 of 1st period - Shot by Grant Besse.
16:39 of 1st period - Shot Misses the Net.
16:43 of 1st period - Shot by Mathias Brome .
16:43 of 1st period - Deflect By Victor Ejdsell.
16:43 of 1st period - Shot Misses the Net.
16:45 of 1st period - Shot by Tyler Lewington.
16:45 of 1st period - Deflect By Victor Ejdsell.
16:45 of 1st period - Shot Blocked by Kris Russell.
16:50 of 1st period - Icing by Kris Russell.
16:51 of 1st period - Brad Malone wins face-off versus David Gustafsson in Eagles zone.
16:56 of 1st period - Shot by Max McCormick.
16:56 of 1st period - Stopped by Cory Schneider without a rebound.
16:57 of 1st period - Brad Malone wins face-off versus Luke Glendening in Eagles zone.
16:57 of 1st period - Brad Malone is hit by Niklas Hansson.
17:04 of 1st period - Brad Malone is hit by Ty Emberson and loses puck.
17:09 of 1st period - Shot by Tim Schaller.
17:09 of 1st period - Deflect By Max McCormick.
17:09 of 1st period - Stopped by Cory Schneider with a rebound.
17:11 of 1st period - Shot by Max McCormick.
17:11 of 1st period - Shot Hit the Post.
17:27 of 1st period - Shot by William Lockwood.
17:27 of 1st period - Shot Blocked by Calvin De Haan.
17:51 of 1st period - Shot by Cooper Marody.
17:51 of 1st period - Stopped by Erik Kallgren with a rebound.
18:26 of 1st period - Shot by Jacob Peterson.
18:26 of 1st period - Stopped by Erik Kallgren without a rebound.
18:27 of 1st period - Radek Faksa wins face-off versus Victor Ejdsell in Marlies zone.
18:40 of 1st period - Shot by Devante Smith-Pelly.
18:40 of 1st period - Shot Blocked by Yegor Rykov.
18:42 of 1st period - Shot by Dan Renouf.
18:42 of 1st period - Goal by Dan Renouf - Eagles : 2 - Marlies : 2.
18:43 of 1st period - Cal O'Reilly wins face-off versus Tyler Bozak in neutral zone.
18:46 of 1st period - Shot by Loui Eriksson.
18:46 of 1st period - Shot Misses the Net.
19:06 of 1st period - Shot by Kristian Vesalainen.
19:06 of 1st period - Stopped by Cory Schneider with a rebound.
19:16 of 1st period - Shot by Luke Glendening.
19:16 of 1st period - Shot Blocked by Tyler Lewington.
19:18 of 1st period - Shot by Matej Paulovic.
19:18 of 1st period - Stopped by Erik Kallgren without a rebound.
19:19 of 1st period - Cooper Marody wins face-off versus Victor Ejdsell in Marlies zone.
19:26 of 1st period - Shot by David Gustafsson.
19:26 of 1st period - Shot Misses the Net.
19:30 of 1st period - Shot by David Gustafsson.
19:30 of 1st period - Shot Blocked by Victor Ejdsell.
19:32 of 1st period - Shot by David Gustafsson.
19:32 of 1st period - Goal by David Gustafsson - Eagles : 3 - Marlies : 2.
19:33 of 1st period - Radek Faksa wins face-off versus Brad Malone in neutral zone.
19:41 of 1st period - Tim Schaller is hit by Devante Smith-Pelly.
19:51 of 1st period - Shot by Brad Malone .
19:51 of 1st period - Shot Blocked by Devante Smith-Pelly.
19:53 of 1st period - Shot by Max McCormick.
19:53 of 1st period - Stopped by Cory Schneider without a rebound.
19:54 of 1st period - Cal O'Reilly wins face-off versus William Lockwood in Eagles zone.
Goals for this period are 3 for Eagles vs 2 for Marlies.
Shots for this period are 10 for Eagles vs 14 for Marlies.

2nd period


0:01 of 2nd period - Brad Malone wins face-off versus Luke Glendening in neutral zone.
0:18 of 2nd period - Shot by Luke Glendening.
0:18 of 2nd period - Shot Misses the Net.
0:22 of 2nd period - Shot by William Lockwood.
0:22 of 2nd period - Shot Misses the Net.
0:32 of 2nd period - Shot by Luke Glendening.
0:32 of 2nd period - Stopped by Erik Kallgren without a rebound.
0:33 of 2nd period - Cal O'Reilly wins face-off versus Cooper Marody in Marlies zone.
0:50 of 2nd period - Shot by Loui Eriksson.
0:50 of 2nd period - Shot Misses the Net.
0:52 of 2nd period - Shot by Loui Eriksson.
0:52 of 2nd period - Shot Misses the Net.
0:54 of 2nd period - Shot by Cal O'Reilly.
0:54 of 2nd period - Stopped by Cory Schneider without a rebound.
0:55 of 2nd period - Victor Ejdsell wins face-off versus Radek Faksa in Eagles zone.
1:06 of 2nd period - Shot by Brayden Burke.
1:06 of 2nd period - Shot Blocked by Yegor Rykov.
1:06 of 2nd period - Yegor Rykov from Marlies is injured at 1:06 of 2nd period (Right Hip).
1:07 of 2nd period - Brad Malone wins face-off versus Luke Glendening in Marlies zone.
2:16 of 2nd period - Jacob Peterson is hit by Loui Eriksson and loses puck.
2:24 of 2nd period - Cooper Marody is hit by Ian McCoshen and loses puck.
2:46 of 2nd period - Brayden Burke is hit by Ian McCoshen and loses puck.
3:03 of 2nd period - Shot by Brayden Burke.
3:03 of 2nd period - Shot Misses the Net.
3:05 of 2nd period - Shot by Ty Emberson.
3:05 of 2nd period - Stopped by Erik Kallgren without a rebound.
3:06 of 2nd period - Victor Ejdsell wins face-off versus Tyler Bozak in Marlies zone.
4:02 of 2nd period - Minor Penalty to Mitchell Heard for Tripping.
4:03 of 2nd period - David Gustafsson wins face-off versus Brad Malone in Marlies zone.
4:40 of 2nd period - Shot by David Gustafsson.
4:40 of 2nd period - Stopped by Erik Kallgren without a rebound.
4:41 of 2nd period - Brad Malone wins face-off versus Luke Glendening in Marlies zone.
4:41 of 2nd period - Brad Malone is hit by Leo Komarov.
4:59 of 2nd period - Shot by Kris Russell.
4:59 of 2nd period - Stopped by Erik Kallgren without a rebound.
5:00 of 2nd period - Brad Malone wins face-off versus David Gustafsson in Marlies zone.
5:09 of 2nd period - Cal O'Reilly is hit by Cooper Marody and loses puck.
5:20 of 2nd period - Shot by Mark Giordano.
5:20 of 2nd period - Deflect By David Gustafsson.
5:20 of 2nd period - Goal by David Gustafsson - Eagles : 4 - Marlies : 2.
5:20 of 2nd period - Daniel Mannella enters game.
5:21 of 2nd period - Victor Ejdsell wins face-off versus Radek Faksa in neutral zone.
6:07 of 2nd period - Icing by Josh Wesley.
6:08 of 2nd period - Luke Glendening wins face-off versus Victor Ejdsell in Marlies zone.
6:11 of 2nd period - Shot by Luke Glendening.
6:11 of 2nd period - Stopped by Daniel Mannella without a rebound.
6:12 of 2nd period - Brad Malone wins face-off versus Luke Glendening in Marlies zone.
6:31 of 2nd period - Luke Glendening is hit by Max McCormick and loses puck.
7:43 of 2nd period - Kristian Vesalainen is hit by Dan Renouf and loses puck.
7:48 of 2nd period - Shot by Ian McCoshen.
7:48 of 2nd period - Stopped by Cory Schneider with a rebound.
8:12 of 2nd period - Shot by Josh Wesley.
8:12 of 2nd period - Shot Misses the Net.
8:16 of 2nd period - Shot by Victor Ejdsell.
8:16 of 2nd period - Deflect By Mathias Brome .
8:16 of 2nd period - Stopped by Cory Schneider without a rebound.
8:17 of 2nd period - Radek Faksa wins face-off versus Mitchell Heard in Eagles zone.
8:28 of 2nd period - Shot by Brayden Burke.
8:28 of 2nd period - Shot Misses the Net.
9:17 of 2nd period - Shot by Leo Komarov.
9:17 of 2nd period - Goal by Leo Komarov - Eagles : 5 - Marlies : 2.
9:18 of 2nd period - Cal O'Reilly wins face-off versus Matej Paulovic in neutral zone.
9:23 of 2nd period - Shot by Loui Eriksson.
9:23 of 2nd period - Shot Misses the Net.
9:25 of 2nd period - Shot by Loui Eriksson.
9:25 of 2nd period - Stopped by Cory Schneider with a rebound.
9:27 of 2nd period - Shot by Loui Eriksson.
9:27 of 2nd period - Goal by Loui Eriksson - Eagles : 5 - Marlies : 3.
9:28 of 2nd period - Luke Glendening wins face-off versus Victor Ejdsell in neutral zone.
9:33 of 2nd period - Shot by Leo Komarov.
9:33 of 2nd period - Shot Blocked by Calvin De Haan.
9:50 of 2nd period - Off-side.
9:51 of 2nd period - Cal O'Reilly wins face-off versus Radek Faksa in neutral zone.
10:07 of 2nd period - Shot by Brayden Burke.
10:07 of 2nd period - Stopped by Daniel Mannella with a rebound.
10:09 of 2nd period - Shot by Brayden Burke.
10:09 of 2nd period - Stopped by Daniel Mannella without a rebound.
10:10 of 2nd period - Luke Glendening wins face-off versus Victor Ejdsell in Marlies zone.
10:13 of 2nd period - Shot by Luke Glendening.
10:13 of 2nd period - Shot Misses the Net.
10:33 of 2nd period - Shot by Victor Ejdsell.
10:33 of 2nd period - Stopped by Cory Schneider without a rebound.
10:34 of 2nd period - Loui Eriksson wins face-off versus David Gustafsson in Eagles zone.
11:35 of 2nd period - Shot by Tim Schaller.
11:35 of 2nd period - Stopped by Cory Schneider without a rebound.
11:36 of 2nd period - Luke Glendening wins face-off versus Victor Ejdsell in Eagles zone.
11:41 of 2nd period - Leo Komarov is hit by Mathias Brome and loses puck.
11:47 of 2nd period - Mathias Brome is hit by Mark Giordano and loses puck.
12:04 of 2nd period - Shot by Mathias Brome .
12:04 of 2nd period - Shot Misses the Net.
12:06 of 2nd period - Shot by Mathias Brome .
12:06 of 2nd period - Goal by Mathias Brome - Eagles : 5 - Marlies : 4.
12:07 of 2nd period - Radek Faksa wins face-off versus Tim Schaller in neutral zone.
12:07 of 2nd period - Devante Smith-Pelly is hit by Max McCormick and loses puck.
12:11 of 2nd period - Off-side.
12:12 of 2nd period - Radek Faksa wins face-off versus Brad Malone in neutral zone.
12:17 of 2nd period - Shot by Niklas Hansson.
12:17 of 2nd period - Stopped by Daniel Mannella with a rebound.
12:22 of 2nd period - Brad Malone is hit by Radek Faksa and loses puck.
12:29 of 2nd period - Shot by Max McCormick.
12:29 of 2nd period - Shot Misses the Net.
12:31 of 2nd period - Shot by Tim Schaller.
12:31 of 2nd period - Shot Blocked by Brayden Burke.
12:42 of 2nd period - Max McCormick is hit by Ty Emberson and loses puck.
12:56 of 2nd period - Icing by Radek Faksa.
12:57 of 2nd period - Cal O'Reilly wins face-off versus Radek Faksa in Eagles zone.
13:01 of 2nd period - Icing by Niklas Hansson.
13:02 of 2nd period - Radek Faksa wins face-off versus Cal O'Reilly in Eagles zone.
13:02 of 2nd period - Radek Faksa is hit by Cal O'Reilly.
13:05 of 2nd period - Brayden Burke is hit by Kristian Vesalainen.
13:21 of 2nd period - Icing by William Lockwood.
13:22 of 2nd period - Luke Glendening wins face-off versus Victor Ejdsell in Eagles zone.
13:35 of 2nd period - Shot by Luke Glendening.
13:35 of 2nd period - Stopped by Daniel Mannella without a rebound.
13:36 of 2nd period - Brad Malone wins face-off versus David Gustafsson in Marlies zone.
13:45 of 2nd period - Tim Schaller is hit by David Gustafsson and loses puck.
14:36 of 2nd period - Shot by William Lockwood.
14:36 of 2nd period - Stopped by Daniel Mannella without a rebound.
14:37 of 2nd period - Cal O'Reilly wins face-off versus Radek Faksa in Marlies zone.
14:47 of 2nd period - Icing by Brayden Burke.
14:48 of 2nd period - Radek Faksa wins face-off versus Victor Ejdsell in Eagles zone.
14:48 of 2nd period - Radek Faksa is hit by Victor Ejdsell.
15:23 of 2nd period - Shot by Mathias Brome .
15:23 of 2nd period - Shot Misses the Net.
15:25 of 2nd period - Shot by Josh Wesley.
15:25 of 2nd period - Shot Misses the Net.
15:30 of 2nd period - Niklas Hansson is hit by Ian McCoshen and loses puck.
16:27 of 2nd period - Shot by William Lockwood.
16:27 of 2nd period - Stopped by Daniel Mannella without a rebound.
16:28 of 2nd period - Brad Malone wins face-off versus David Gustafsson in Marlies zone.
16:53 of 2nd period - Icing by Dylan Blujus.
16:54 of 2nd period - Brad Malone wins face-off versus Tyler Bozak in Marlies zone.
17:09 of 2nd period - Minor Penalty to Luke Glendening for Slashing.
17:10 of 2nd period - Cal O'Reilly wins face-off versus Devante Smith-Pelly in Eagles zone.
17:10 of 2nd period - Tyler Lewington is hit by Dan Renouf and loses puck.
17:13 of 2nd period - Shot by Kristian Vesalainen.
17:13 of 2nd period - Stopped by Cory Schneider without a rebound.
17:14 of 2nd period - Kristian Vesalainen wins face-off versus Devante Smith-Pelly in Eagles zone.
17:45 of 2nd period - Shot by Ian McCoshen.
17:45 of 2nd period - Shot Misses the Net.
18:24 of 2nd period - Max McCormick is hit by Dan Renouf and loses puck.
18:31 of 2nd period - Shot by Calvin De Haan.
18:31 of 2nd period - Stopped by Cory Schneider without a rebound.
18:32 of 2nd period - Cal O'Reilly wins face-off versus Devante Smith-Pelly in Eagles zone.
18:39 of 2nd period - Shot by Kristian Vesalainen.
18:39 of 2nd period - Deflect By Loui Eriksson.
18:39 of 2nd period - Shot Misses the Net.
18:41 of 2nd period - Shot by Kristian Vesalainen.
18:41 of 2nd period - Stopped by Cory Schneider without a rebound.
18:42 of 2nd period - Brad Malone wins face-off versus Devante Smith-Pelly in Eagles zone.
18:43 of 2nd period - Shot by Max McCormick.
18:43 of 2nd period - Shot Misses the Net.
18:55 of 2nd period - Shot by Tyler Lewington.
18:55 of 2nd period - Shot Blocked by Kris Russell.
19:12 of 2nd period - Shot by Victor Ejdsell.
19:12 of 2nd period - Deflect By Mathias Brome .
19:12 of 2nd period - Shot Misses the Net.
19:14 of 2nd period - Shot by Grant Besse.
19:14 of 2nd period - Shot Misses the Net.
19:16 of 2nd period - Shot by Mathias Brome .
19:16 of 2nd period - Shot Blocked by Ty Emberson.
19:18 of 2nd period - Shot by Josh Wesley.
19:18 of 2nd period - Stopped by Cory Schneider with a rebound.
19:21 of 2nd period - Victor Ejdsell is hit by Ty Emberson and loses puck.
19:39 of 2nd period - Minor Penalty to Ty Emberson for Hooking.
19:40 of 2nd period - Cal O'Reilly wins face-off versus Luke Glendening in Eagles zone.
Goals for this period are 2 for Eagles vs 2 for Marlies.
Shots for this period are 13 for Eagles vs 12 for Marlies.

3rd period


0:01 of 3rd period - David Gustafsson wins face-off versus Brad Malone in neutral zone.
0:10 of 3rd period - Shot by Luke Glendening.
0:10 of 3rd period - Stopped by Daniel Mannella with a rebound.
0:28 of 3rd period - Marc-Edouard Vlasic is hit by Brad Malone and loses puck.
1:47 of 3rd period - Icing by Cooper Marody.
1:48 of 3rd period - Victor Ejdsell wins face-off versus Jacob Peterson in Eagles zone.
1:52 of 3rd period - Icing by Ty Emberson.
1:53 of 3rd period - Victor Ejdsell wins face-off versus David Gustafsson in Eagles zone.
2:12 of 3rd period - Shot by Josh Wesley.
2:12 of 3rd period - Shot Blocked by Niklas Hansson.
3:02 of 3rd period - Brayden Burke is hit by Dylan Blujus.
3:24 of 3rd period - Shot by Radek Faksa.
3:24 of 3rd period - Shot Misses the Net.
3:35 of 3rd period - Icing by Marc-Edouard Vlasic.
3:36 of 3rd period - Cal O'Reilly wins face-off versus Radek Faksa in Eagles zone.
3:48 of 3rd period - Cal O'Reilly is hit by Marc-Edouard Vlasic and loses puck.
4:15 of 3rd period - Shot by William Lockwood.
4:15 of 3rd period - Stopped by Daniel Mannella without a rebound.
4:16 of 3rd period - Victor Ejdsell wins face-off versus Tyler Bozak in Marlies zone.
4:35 of 3rd period - Shot by Tyler Bozak.
4:35 of 3rd period - Stopped by Daniel Mannella without a rebound.
4:36 of 3rd period - Mitchell Heard wins face-off versus David Gustafsson in Marlies zone.
4:43 of 3rd period - Icing by Niklas Hansson.
4:44 of 3rd period - Cal O'Reilly wins face-off versus David Gustafsson in Eagles zone.
4:45 of 3rd period - Shot by Kristian Vesalainen.
4:45 of 3rd period - Stopped by Cory Schneider without a rebound.
4:46 of 3rd period - Luke Glendening wins face-off versus Brad Malone in Eagles zone.
5:56 of 3rd period - Icing by Tyler Lewington.
5:57 of 3rd period - Cal O'Reilly wins face-off versus Radek Faksa in Marlies zone.
6:17 of 3rd period - Ty Emberson is hit by Ian McCoshen and loses puck.
7:48 of 3rd period - Shot by Luke Glendening.
7:48 of 3rd period - Shot Misses the Net.
7:55 of 3rd period - Max McCormick is hit by Kris Russell and loses puck.
7:58 of 3rd period - Shot by Tim Schaller.
7:58 of 3rd period - Goal by Tim Schaller - Eagles : 5 - Marlies : 5.
7:59 of 3rd period - David Gustafsson wins face-off versus Cal O'Reilly in neutral zone.
7:59 of 3rd period - David Gustafsson is hit by Cal O'Reilly.
8:20 of 3rd period - Icing by Tyler Lewington.
8:21 of 3rd period - Cal O'Reilly wins face-off versus Tyler Bozak in Marlies zone.
8:21 of 3rd period - Cal O'Reilly is hit by Matej Paulovic.
9:13 of 3rd period - Max McCormick is hit by Matej Paulovic and loses puck.
9:23 of 3rd period - Max McCormick is hit by Mark Giordano and loses puck.
9:30 of 3rd period - Tim Schaller is hit by David Gustafsson and loses puck.
10:09 of 3rd period - Shot by Mathias Brome .
10:09 of 3rd period - Stopped by Cory Schneider with a rebound.
10:11 of 3rd period - Shot by Victor Ejdsell.
10:11 of 3rd period - Shot Misses the Net.
11:58 of 3rd period - Shot by Victor Ejdsell.
11:58 of 3rd period - Shot Misses the Net.
12:00 of 3rd period - Shot by Dylan Blujus.
12:00 of 3rd period - Shot Misses the Net.
12:02 of 3rd period - Shot by Victor Ejdsell.
12:02 of 3rd period - Stopped by Cory Schneider with a rebound.
12:04 of 3rd period - Shot by Victor Ejdsell.
12:04 of 3rd period - Shot Blocked by Kris Russell.
12:11 of 3rd period - Kris Russell is hit by Josh Wesley and loses puck.
12:15 of 3rd period - Icing by Grant Besse.
12:16 of 3rd period - Tyler Bozak wins face-off versus Victor Ejdsell in Marlies zone.
12:19 of 3rd period - Shot by Gage Goncalves.
12:19 of 3rd period - Shot Hit the Post.
14:01 of 3rd period - Shot by Radek Faksa.
14:01 of 3rd period - Goal by Radek Faksa - Eagles : 6 - Marlies : 5.
14:02 of 3rd period - Brad Malone wins face-off versus Luke Glendening in neutral zone.
14:05 of 3rd period - Shot by Max McCormick.
14:05 of 3rd period - Stopped by Cory Schneider without a rebound.
14:06 of 3rd period - Luke Glendening wins face-off versus Grant Besse in Eagles zone.
14:25 of 3rd period - Shot by Luke Glendening.
14:25 of 3rd period - Stopped by Daniel Mannella with a rebound.
15:08 of 3rd period - Cooper Marody is hit by Josh Wesley and loses puck.
15:19 of 3rd period - Shot by Loui Eriksson.
15:19 of 3rd period - Stopped by Cory Schneider without a rebound.
15:20 of 3rd period - Radek Faksa wins face-off versus Brad Malone in Eagles zone.
15:29 of 3rd period - Shot by Max McCormick.
15:29 of 3rd period - Stopped by Cory Schneider without a rebound.
15:30 of 3rd period - Tyler Bozak wins face-off versus Kristian Vesalainen in Eagles zone.
16:02 of 3rd period - Minor Penalty to Dan Renouf for Tripping.
16:03 of 3rd period - Brad Malone wins face-off versus Luke Glendening in Eagles zone.
16:21 of 3rd period - Shot by Max McCormick.
16:21 of 3rd period - Shot Misses the Net.
16:23 of 3rd period - Shot by Tim Schaller.
16:23 of 3rd period - Shot Misses the Net.
16:37 of 3rd period - Shot by Dylan Blujus.
16:37 of 3rd period - Stopped by Cory Schneider without a rebound.
16:38 of 3rd period - Cal O'Reilly wins face-off versus Radek Faksa in Eagles zone.
16:57 of 3rd period - Shot by Cal O'Reilly.
16:57 of 3rd period - Shot Misses the Net.
16:59 of 3rd period - Shot by Ian McCoshen.
16:59 of 3rd period - Shot Misses the Net.
17:46 of 3rd period - Icing by Dylan Blujus.
17:47 of 3rd period - Luke Glendening wins face-off versus Brad Malone in Marlies zone.
17:50 of 3rd period - Shot by Luke Glendening.
17:50 of 3rd period - Shot Blocked by Calvin De Haan.
18:14 of 3rd period - Shot by Radek Faksa.
18:14 of 3rd period - Shot Misses the Net.
18:24 of 3rd period - Shot by Radek Faksa.
18:24 of 3rd period - Shot Misses the Net.
18:29 of 3rd period - Devante Smith-Pelly is hit by Tyler Lewington and loses puck.
18:56 of 3rd period - Shot by William Lockwood.
18:56 of 3rd period - Shot Misses the Net.
19:12 of 3rd period - Shot by Leo Komarov.
19:12 of 3rd period - Shot Misses the Net.
19:14 of 3rd period - Shot by Leo Komarov.
19:14 of 3rd period - Stopped by Daniel Mannella without a rebound.
19:15 of 3rd period - Brad Malone wins face-off versus Gage Goncalves in Marlies zone.
19:22 of 3rd period - Marlies, Daniel Mannella is pulled from the net.
19:24 of 3rd period - Shot by Brad Malone .
19:24 of 3rd period - Shot Hit the Post.
19:26 of 3rd period - Shot by Max McCormick.
19:26 of 3rd period - Shot Blocked by Marc-Edouard Vlasic.
19:28 of 3rd period - Shot by Tim Schaller.
19:28 of 3rd period - Stopped by Cory Schneider without a rebound.
19:29 of 3rd period - Brad Malone wins face-off versus Luke Glendening in Eagles zone.
19:32 of 3rd period - Shot by Max McCormick.
19:32 of 3rd period - Goal by Max McCormick - Eagles : 6 - Marlies : 6.
19:32 of 3rd period - Daniel Mannella from Marlies was sent back in the game.
19:33 of 3rd period - Brad Malone wins face-off versus David Gustafsson in neutral zone.
19:47 of 3rd period - Brad Malone is hit by Ty Emberson and loses puck.
Goals for this period are 1 for Eagles vs 2 for Marlies.
Shots for this period are 6 for Eagles vs 10 for Marlies.

Overtime #1


0:01 of 1st overtime period - Tyler Bozak wins face-off versus Tim McGauley in neutral zone.
0:05 of 1st overtime period - Off-side.
0:06 of 1st overtime period - Tyler Bozak wins face-off versus Tim Schaller in neutral zone.
0:15 of 1st overtime period - Shot by Tyler Bozak.
0:15 of 1st overtime period - Shot Misses the Net.
0:17 of 1st overtime period - Shot by Tyler Bozak.
0:17 of 1st overtime period - Shot Misses the Net.
0:19 of 1st overtime period - Shot by Tyler Bozak.
0:19 of 1st overtime period - Shot Blocked by Tyler Lewington.
0:21 of 1st overtime period - Shot by Tyler Bozak.
0:21 of 1st overtime period - Goal by Tyler Bozak - Eagles : 7 - Marlies : 6.
Goals for this period are 1 for Eagles vs 0 for Marlies.
Shots for this period are 1 for Eagles vs 0 for Marlies.